 Dungeon Crawl Stone Soup version 0.25.1-2-g60ff931df9 (webtiles) character file.

Game seed: 4188338925525610134

1258 Allula97 the Insei (level 8, -24/48 HPs)
             Began as an Octopode Transmuter on Nov 10, 2020.
             Was an Initiate of the Shining One.
             Killed from afar by a steam dragon (25 damage)
             ... with a ball of steam
             ... on level 6 of the Dungeon.
             The game lasted 00:32:33 (5482 turns).

Allula97 the Insei (Octopode Transmuter)            Turns: 5482, Time: 00:32:35

Health: -24/48     AC:  1    Str: 10    XL:     8   Next: 51%
Magic:  13/13      EV: 16    Int: 15    God:    the Shining One [......]
Gold:   194        SH:  0    Dex: 20    Spells: 9/13 levels left

rFire    . . .     SeeInvis .     - Unarmed
rCold    . . .     Gourm    .   (no shield)
rNeg     . . .     Faith    .   (helmet restricted)
rPois    .         Spirit   .   (no amulet)
rElec    .         Reflect  .   h - +6 ring of dexterity
rCorr    .         Harm     .   (no ring)
MR       +....                  (no ring)
Stlth    ++........             (no ring)
HPRegen  0.16/turn              (no ring)
MPRegen  0.13/turn              (no ring)
                                (no ring)
                                (no ring)

@: appendage, flying, hasted, glowing, very quick
A: almost no armour, stealthy swim, amphibious, 8 rings, constrict 8, tentacle
spike 3, camouflage 1, frail 1, magic resistance 1, gelatinous body 1
a: End Transformation, Renounce Religion


You were on level 6 of the Dungeon.
You worshipped the Shining One.
The Shining One was noncommittal.
You were not hungry.
One of your tentacles had a temporary spike.
You visited 2 branches of the dungeon, and saw 7 of its levels.

You collected 194 gold pieces.

Inventory:

Hand Weapons
 b - a +1 dagger of venom
 d - a +3 dagger
Missiles
 a - 98 arrows
 o - 28 poisoned darts
 t - a throwing net
 u - 3 silver javelins
 v - 3 curare-tipped darts (quivered)
Jewellery
 h - a +6 ring of dexterity (left tentacle)
Wands
 l - a wand of disintegration (18)
 p - a wand of flame (21)
 r - a wand of random effects (13)
Scrolls
 f - a scroll of teleportation
 g - 2 scrolls of fog
 m - a scroll of blinking {unknown}
 n - 3 scrolls of remove curse
 s - 2 scrolls of enchant weapon
 y - a scroll of enchant armour
Potions
 e - 3 potions of lignification
 k - a potion of haste
 q - 4 potions of stabbing
Comestibles
 c - 10 rations


   Skills:
 * Level 4.4 Fighting
 * Level 4.8 Dodging
 - Level 3.6 Stealth
 * Level 5.3 Unarmed Combat
 + Level 3.4 Spellcasting
 * Level 4.8 Transmutations


You had 9 spell levels left.
You knew the following spells:

 Your Spells              Type           Power        Failure   Level  Hunger
a - Beastly Appendage     Tmut           ###...       2%          1    None
b - Spider Form           Tmut/Pois      #.........   22%         3    ###....

Your spell library contained the following spells:

 Spells                   Type           Power        Failure   Level  Hunger
 Sticks to Snakes         Tmut           ###.....     4%          2    ##.....
 Ice Form                 Ice/Tmut       #.......     56%         4    ####...
 Blade Hands              Tmut           ###.......   58%         5    ######.


Dungeon Overview and Level Annotations

Branches:
Dungeon (6/15)             Temple (1/1) D:6

Altars:
Cheibriados
Dithmenos
Gozag
Kikubaaqudgha
Makhleb
Nemelex Xobeh
Okawaru
Qazlal
Ru
Sif Muna
Trog
Uskayaw
Wu Jian
Xom
Yredelemnul
Zin
The Shining One

Shops:
D:4 %(   D:5 (


Innate Abilities, Weirdness & Mutations

You cannot wear most types of armour.
You are very stealthy in the water. (Stealth+)
You are amphibious.
You can wear up to eight rings at the same time.
You can use your tentacles to constrict eight enemies at once.
Your skin changes colour to match your surroundings (Stealth+).
Your rubbery body absorbs attacks. (AC +1, EV +1)
One of your tentacles bears a large vicious spike.
You are frail. (-10% HP)
You are resistant to hostile enchantments. (MR+)


Message History

The steam dragon is moderately wounded.
You tentacle-slap the steam dragon but do no damage.
Your squeeze misses the steam dragon.
The steam dragon is moderately wounded.
The steam dragon bites you.
* * * LOW HITPOINT WARNING * * *
The steam dragon misses you.
Okay, then.
The steam dragon bites you.
* * * LOW HITPOINT WARNING * * *
The steam dragon claws you.
* * * LOW HITPOINT WARNING * * *
Okay, then.
It was a potion of flight.
You feel very buoyant.
You fly up into the air.
The steam dragon breathes steam at you. The ball of steam hits you!!
Ouch! That really hurt!
You die...

...#,* #≈.####
*,..,,,,,*### ##.#,*
#≈.§..#######.#,,,,,**#..
>#.+,*
*#§§§.$#.#....#,,,,,* #.#
'#.#**
#§§⌠......#****,,*####.#
...# #§§...#D..#
*,,*#..... +###
##≈≈.##...#****,,*#.#.#.
,*
######§###*,,,.>*#,#.#.
,* #§#*,,,.....,,#... ,*
#@##,#,....#**#.## ,**
#.##.#.#.#.# #.# ,,*
#.##.#...#.# #.## ,,*
#.##...#.#.# #.## ,**
#.#......#.####.## ,,*
#.#......#........ ,**
#.####..[..#.###.# **
#...##.###.#...#.# *
###.##<..........#


There were no monsters in sight!

Vanquished Creatures
  A sky beast (D:5)
  An ice beast (D:5)
  An ogre (D:5)
  A bullfrog (D:6)
  A scorpion (D:5)
  A howler monkey (D:5)
  A crimson imp (D:5)
  6 orc priests
  2 hounds (D:5)
  4 orc wizards
  An iron imp (D:5)
  2 iguanas (D:5)
  3 worker ants
  Natasha (thrice) (D:2)
  9 adders
  3 gnolls (D:4)
  A shadow imp (D:6)
  3 oozes
  An adder zombie (D:5)
  5 worms
  3 dart slugs
  2 leopard geckos (D:2)
  8 orcs
  3 giant cockroaches
  5 goblins
  4 hobgoblins
  14 jackals
  5 quokkas
  A ball python (D:5)
  7 bats
  7 frilled lizards
  A giant cockroach zombie (D:5)
  3 goblin skeletons (D:5)
  A goblin zombie (D:5)
  2 hobgoblin zombies (D:5)
  A jackal zombie (D:5)
  6 kobolds
  An orc skeleton (D:5)
  5 rats
  A butterfly (D:2)
130 creatures vanquished.

Notes
Turn   | Place    | Note
-------+----------+-------------------------------------------
     0 | D:1      | Allula97 the Octopode Transmuter began the quest for the
                  | Orb.
     0 | D:1      | Reached XP level 1. HP: 13/13 MP: 3/3
   276 | D:1      | Reached XP level 2. HP: 15/18 MP: 5/5
   961 | D:2      | Reached XP level 3. HP: 16/23 MP: 4/6
   984 | D:2      | Reached skill level 1 in Stealth
  1189 | D:2      | Found a shimmering altar of Xom.
  1212 | D:2      | Found a snail-covered altar of Cheibriados.
  1320 | D:2      | Found a sparkling altar of Nemelex Xobeh.
  1517 | D:2      | Noticed Natasha
  1528 | D:2      | Killed Natasha
  1528 | D:2      | Reached XP level 4. HP: 19/29 MP: 5/7
  2041 | D:2      | Noticed Natasha
  2049 | D:2      | Killed Natasha
  2049 | D:2      | Reached XP level 5. HP: 20/34 MP: 6/8
  2220 | D:2      | Noticed Natasha
  2234 | D:2      | Killed Natasha
  2325 | D:3      | Learned a level 3 spell: Spider Form
  2600 | D:3      | Gained mutation: You are frail. (-10% HP) [potion of
                  | mutation]
  2600 | D:3      | Gained mutation: You are resistant to hostile enchantments.
                  | (MR+) [potion of mutation]
  3126 | D:4      | Found Veec's Antique Weapon Boutique.
  3224 | D:4      | Reached XP level 6. HP: 20/36 MP: 9/9
  3321 | D:4      | Reached skill level 4 in Unarmed Combat
  3406 | D:5      | Entered Level 5 of the Dungeon
  3509 | D:4      | Found Citsokhlunuo's Food Shoppe.
  4034 | D:5      | Found an ancient bone altar of Kikubaaqudgha.
  4051 | D:5      | Reached XP level 7. HP: 26/41 MP: 11/11
  4500 | D:5      | Found a glowing golden altar of the Shining One.
  4604 | D:5      | Reached XP level 8. HP: 24/48 MP: 12/12
  4614 | D:5      | Found Duekuoju's Antique Weapon Boutique.
  4944 | D:5      | Reached skill level 5 in Unarmed Combat
  5252 | D:6      | Found a staircase to the Ecumenical Temple.
  5269 | Temple   | Entered the Ecumenical Temple
  5326 | D:5      | Became a worshipper of the Shining One
  5475 | D:6      | HP: 2/48 [steam dragon (4)]
  5482 | D:6      | Killed from afar by a steam dragon

Illustrated notes

Levels and vault maps discovered:
D:1:      dpeg_arrival_round_c, layout_loops_corners
D:2:      layout_loops_cross, nemelex_xobeh_ov_fountains_minmay,
          xom_butterflies, first_ration, cheibriados_altar_1, uniq_natasha
D:3:      layout_loops_cross
D:4:      layout_basic, serial_shops, shop, kennysheep_small_square
D:5:      minmay_chambers_of_threes, layout_basic, lemuel_doored_altar,
          serial_shops, nicolae_shop_window_shopping,
          nicolae_tso_besieged_by_evil
D:6:      cheibrodos_steamvent, layout_basic, elyvilon_altar_5,
          fiery_altar_vehumet, minmay_temple_entry_glassed_door,
          minmay_statues_item, uniq_crazy_yiuf_cottage, uniq_maggie
Temple:   nicolae_temple_no_exploring_needed

Skill      XL: |  1  2  3  4  5  6  7  8 |
---------------+-------------------------+-----
Stealth        | 1 2 3 |  3.6
Fighting       | 2 3 4 |  4.4
Dodging        | 3 4 |  4.8
Transmutations | 3 4 |  4.8
Unarmed Combat | 4 5 |  5.3
Spellcasting   | 3 |  3.4

Action                   |  1- 3 |  4- 6 |  7- 9 || total
-------------------------+-------+-------+-------++-------
Melee: Unarmed           |    68 |   125 |   125 ||   318
       Dagger            |     6 |       |       ||     6
       Constrict         |    22 |    33 |    30 ||    85
       Tentacles         |    12 |    32 |    35 ||    79
       Punch             |     1 |     2 |     2 ||     5
       Kick              |     9 |    25 |    28 ||    62
Throw: Dart              |       |    22 |     5 ||    27
 Cast: Beastly Appendage |    12 |    16 |     8 ||    36
  Use: Scroll            |     3 |     7 |     4 ||    14
       Potion            |       |     1 |     8 ||     9
 Stab: Sleeping          |     7 |     5 |     8 ||    20
  Eat: Chunk             |     2 |     8 |     5 ||    15
Armor: Skin              |     3 |     4 |     2 ||     9
Dodge: Dodged            |    35 |   104 |    70 ||   209
